 Dungeon Crawl Stone Soup version 0.31-a0-175-g9f7f995f2b (webtiles) character file.

Game seed: 223517123296013106

424 qw the Chopper (level 6, -15/39 HPs)
             Began as a Gargoyle Fighter on June 16, 2023.
             Was an Initiate of Okawaru.
             Demolished by a two-headed ogre
             ... wielding a +0 giant club
              (19 damage)
             ... on level 5 of the Dungeon.
             The game lasted 00:01:45 (4891 turns).

qw the Chopper (Gargoyle Fighter)                   Turns: 4891, Time: 00:01:46

Health: -15/39     AC: 17    Str: 22    XL:     6   Next: 96%
Magic:  6/6        EV:  6    Int: 13    God:    Okawaru [......]
Gold:   249        SH:  4    Dex:  7    Spells: 5/5 levels left

rFire   . . .        Y - +3 war axe
rCold   . . .        c - +0 buckler
rNeg    + . .        u - +0 plate armour
rPois   inf          (no helmet)
rElec   +            (no cloak)
rCorr   .            (no gloves)
SInv    +            b - +0 pair of boots
Will    .....        (no amulet) Stlth
                     p - ring "Quyruq" {Int+5 Dex-2 SInv}
HPRegen 0.26/turn    (no ring)
MPRegen 0.10/turn

%: no passive effects
@: no status effects
A: sickness immunity, AC +4, negative energy resistance 1, electricity
resistance, torment resistance 1, petrification resistance
a: Renounce Religion


You were on level 5 of the Dungeon.
You worshipped Okawaru.
Okawaru was noncommittal.
You visited 2 branches of the dungeon, and saw 6 of its levels.

You collected 249 gold pieces.


Innate Abilities, Weirdness & Mutations

You are immune to sickness and miasma.
Your stone body is resilient. (AC +4)
You are immune to poison.
You resist negative energy. (rN+)
You are resistant to electric shocks. (rElec)
You are resistant to unholy torment.
You are immune to petrification.


   Skills:
 - Level 4.4 Fighting
 - Level 6.1 Axes
 + Level 3.2 Armour
 - Level 3.2 Shields


You had 5 spell levels left.
You didn't know any spells.
Your spell library was empty.

Inventory:

Hand Weapons
 i - a +0 flail
 Y - a +3 war axe (weapon)
Missiles
 n - 6 boomerangs (quivered)
Armour
 a - a +0 pair of gloves
 b - a +0 pair of boots (worn)
 c - a +0 buckler (worn)
 u - a +0 plate armour (worn)
Jewellery
 p - the ring "Quyruq" (left hand) {Int+5 Dex-2 SInv}
   (You found it on level 2 of the Dungeon)

   [ring of see invisible]

   Int:       It affects your intelligence (+5).
   Dex:       It affects your dexterity (-2).
   SInv:      It lets you see invisible.
Scrolls
 g - a scroll of identify
Potions
 d - a potion of might
 e - 5 potions of curing
 f - a potion of resistance
 h - a potion of lignification
 k - a potion of enlightenment {unknown}
 l - a potion of mutation {unknown}
 m - a potion of ambrosia {unknown}
 o - a potion of haste {unknown}
 q - a potion of magic
 r - a potion of invisibility {unknown}
 t - a potion of attraction {unknown}

Dungeon Overview and Level Annotations

Branches:
Dungeon (5/15)             Temple (1/1) D:5

Altars:
Ashenzari
Elyvilon
Fedhas
Gozag
Kikubaaqudgha
Makhleb
Nemelex Xobeh
Okawaru
Ru
Sif Muna
Uskayaw
Vehumet
Yredelemnul
Zin
The Shining One

Shops:
D:1 (   D:3 :

Annotations:
D:4 2 transporters, qw's ghost, amateur NaHu


Message History

The boomerang barely misses the two-headed ogre.
You throw a boomerang. The boomerang hits the two-headed ogre.
The two-headed ogre is lightly wounded.
You throw a boomerang. The boomerang hits the two-headed ogre.
The two-headed ogre is lightly wounded.
You barely miss the two-headed ogre.
The two-headed ogre is lightly wounded.
The two-headed ogre barely misses you.
The two-headed ogre hits you with a +0 giant club.
You slash the two-headed ogre!
The two-headed ogre is moderately wounded.
The two-headed ogre hits you with a +0 giant club!
The two-headed ogre hits you with a +0 giant club.
You slash the two-headed ogre!
The two-headed ogre is heavily wounded.
The two-headed ogre barely misses you.
The two-headed ogre hits you but does no damage.
You barely miss the two-headed ogre.
The two-headed ogre is heavily wounded.
The two-headed ogre barely misses you.
The two-headed ogre hits you but does no damage.
You slash the two-headed ogre!
The two-headed ogre is severely wounded.
You hit the two-headed ogre.
The two-headed ogre is severely wounded.
The two-headed ogre barely misses you.
The two-headed ogre hits you with a +0 giant club.
You slash the two-headed ogre!
The two-headed ogre is almost dead.
The two-headed ogre hits you with a +0 giant club.
The two-headed ogre hits you with a +0 giant club!
4890 ||| DRINKING potion of heal wounds.
You feel much better.
The two-headed ogre hits you with a +0 giant club!!
Ouch! That really hurt!
You block the two-headed ogre's attack.
You barely miss the two-headed ogre.
The two-headed ogre is almost dead.
The two-headed ogre hits you with a +0 giant club!!
You die...

.....#...............#
####..........######.#
####..........######.#
...'..........'.^....#
####..........########
#.....#'#.....#
###.###.#.#.###.#
..#.#####.#.#<#.#
#.#.....#.#.#.#@#
#.#..##.#.#.#.#O#
#.8>8##.#.#.#.#.#
##.#####.#.#.#.#.#
...#####.#.#.#.#.#
...........>.#.#.#
.....###.#.....#.#
####.# #.#..####.# #.#
#.#..####)#


You could see a two-headed ogre.

Vanquished Creatures
  A black bear (D:4)
  A scorpion (D:4)
  2 howler monkeys
  2 orc priests
  4 adders
  A gnoll (D:1)
  An ufetubus (D:4)
  3 dart slugs
  13 orcs
  5 bats
  13 endoplasms
  2 giant cockroaches
  6 hobgoblins
  6 quokkas
  2 ball pythons
  3 frilled lizards
  6 kobolds
  7 rats
78 creatures vanquished.

Notes
Turn   | Place    | Note
-------+----------+-------------------------------------------
     0 | D:1      | qw the Gargoyle Fighter began the quest for the Orb.
     0 | D:1      | Reached XP level 1. HP: 14/14 MP: 1/1
     0 | D:1      | 0 ||| qw: Version: 0.2-a-29-g511e9b1
     0 | D:1      | 0 ||| qw: Game counter: 5782
     0 | D:1      | 0 ||| qw: Always use a shield: true
     0 | D:1      | 0 ||| qw: God list: Okawaru
     0 | D:1      | 0 ||| qw: Allow faded altars: false
     0 | D:1      | 0 ||| qw: Do Orc after D:15 true
     0 | D:1      | 0 ||| qw: Do second Lair branch before Depths: true
     0 | D:1      | 0 ||| qw: Lair rune preference: random
     0 | D:1      | 0 ||| qw: Plans: Normal, Zot:1-4, Slime:5, God:TSO, Crypt,
                  | Tomb, Abyss, Pan, Hells, Win
     0 | D:1      | 0 ||| PLANNING D:1-11
    20 | D:1      | Reached skill level 2 in Axes
   103 | D:1      | Reached XP level 2. HP: 17/19 MP: 2/2
   212 | D:1      | 212 ||| FLEEEEING.
   213 | D:1      | 213 ||| FLEEEEING.
   214 | D:1      | 214 ||| FLEEEEING.
   299 | D:1      | Found Hukkexo's Antique Weapon Shoppe.
   307 | D:1      | 307 ||| SHOPLISTING club (30 gold, have 7).
   422 | D:1      | Reached skill level 3 in Axes
   534 | D:1      | Reached XP level 3. HP: 23/23 MP: 3/3
  1049 | D:1      | 1049 ||| DRINKING 2 murky red potions.
  1135 | D:2      | 1135 ||| FLEEEEING.
  1254 | D:2      | Found a faded altar of an unknown god.
  1260 | D:2      | Reached XP level 4. HP: 23/28 MP: 4/4
  1587 | D:2      | Identified the ring "Quyruq" {Int+5 Dex-2 SInv}
  1830 | D:2      | Reached skill level 4 in Axes
  1994 | D:2      | 1994 ||| UPGRADING to ring "Quyruq" {Int+5 Dex-2 SInv}.
  1995 | D:2      | 1995 ||| READING 3 scrolls labelled ADINEKU ILEH.
  1996 | D:2      | 1996 ||| READING 2 scrolls of enchant weapon.
  1996 | D:2      | 1996 ||| ENCHANTING +1 war axe.
  1997 | D:2      | 1997 ||| READING scroll of enchant weapon.
  1997 | D:2      | 1997 ||| ENCHANTING +2 war axe.
  1998 | D:2      | 1998 ||| READING scroll labelled USHREK NICAWN.
  2002 | D:2      | 2002 ||| READING scroll labelled UHARGHE HUATET.
  2202 | D:3      | 2202 ||| FLEEEEING.
  2203 | D:3      | 2203 ||| FLEEEEING.
  2204 | D:3      | 2204 ||| STAIRDANCE
  2239 | D:3      | 2239 ||| DROPPING +0 whip.
  2327 | D:3      | Reached XP level 5. HP: 32/32 MP: 5/5
  2339 | D:3      | 2339 ||| Stepping ~*~*~tactically~*~*~ (stealth).
  2417 | D:3      | Found Gedwyath's Book Emporium.
  2510 | D:3      | 2510 ||| Stepping ~*~*~tactically~*~*~ (stealth).
  2528 | D:3      | 2528 ||| Stepping ~*~*~tactically~*~*~ (stealth).
  2873 | D:3      | 2873 ||| UPGRADING to +0 chain mail.
  2883 | D:3      | 2883 ||| DROPPING +0 scale mail.
  2884 | D:3      | 2884 ||| READING 3 scrolls labelled UMEXID XUITT.
  2885 | D:3      | 2885 ||| READING scroll labelled FORITH DEGRE.
  2886 | D:3      | 2886 ||| READING 2 scrolls of identify.
  2886 | D:3      | 2886 ||| IDENTIFYING ruby potion
  2952 | D:4      | Found a transporter.
  2967 | D:4      | Noticed qw's ghost (amateur NaHu)
  3005 | D:4      | Noticed a black bear
  3012 | D:4      | Reached skill level 5 in Axes
  3016 | D:4      | Killed a black bear
  3017 | D:4      | Reached XP level 6. HP: 20/39 MP: 6/6
  3490 | D:4      | Found a transporter.
  3511 | D:4      | HP: 9/39 [orc/+0 trident (3)]
  3512 | D:4      | 3512 ||| READING scroll of teleportation.
  3812 | D:4      | 3812 ||| Stepping ~*~*~tactically~*~*~ (hiding).
  3922 | D:4      | Found a hide-covered altar of Uskayaw.
  4343 | D:4      | 4343 ||| UPGRADING to +0 pair of boots.
  4348 | D:4      | 4348 ||| UPGRADING to +0 plate armour.
  4358 | D:4      | 4358 ||| DROPPING +0 chain mail.
  4359 | D:4      | 4359 ||| READING scroll labelled UFOZXO KYADINA.
  4360 | D:4      | 4360 ||| READING scroll labelled UTOJIUCSU.
  4361 | D:4      | 4361 ||| DRINKING 2 grey potions.
  4382 | D:4      | 4382 ||| DRINKING 2 coppery potions.
  4383 | D:4      | 4383 ||| READING 2 scrolls of identify.
  4383 | D:4      | 4383 ||| IDENTIFYING bubbling white potion
  4440 | D:5      | Entered Level 5 of the Dungeon
  4480 | D:5      | Found a staircase to the Ecumenical Temple.
  4481 | D:5      | 4481 ||| PLANNING TEMPLE
  4496 | Temple   | Entered the Ecumenical Temple
  4506 | Temple   | 4506 ||| PLANNING OKAWARU WORSHIP
  4735 | Temple   | Became a worshipper of Warmaster Okawaru
  4736 | Temple   | 4736 ||| PLANNING D:1-11
  4822 | D:5      | Reached skill level 6 in Axes
  4878 | D:5      | Noticed a two-headed ogre
  4889 | D:5      | HP: 3/39 [two-headed ogre/+0 giant club (10)]
  4890 | D:5      | 4890 ||| DRINKING potion of heal wounds.
  4891 | D:5      | Demolished by a two-headed ogre

Levels and vault maps discovered:
D:1:      minmay_arrival_plants_in_alcoves, layout_loops_corners, serial_shops,
          shop, minmay_pentomino_q4
D:2:      layout_loops_corners, hellmonk_ecumenical_altar_lost_god
D:3:      layout_rooms, serial_shops, nicolae_shop_pleasant_corner_grove,
          serial_rivers, chequers_serial_rivers_small_a,
          chequers_serial_rivers_small_a, chequers_serial_rivers_small_a,
          chequers_serial_rivers_micro_c, amcnicky_mini_corridor_feature,
          minmay_door_square
D:4:      layout_basic, eat_drink_and_be_merry_uskayaw,
          gammafunk_ghost_stat_death, kennysheep_minor_cross
D:5:      layout_basic, temple_statues
Temple:   eino_temple_water

Skill      XL: |  1  2  3  4  5  6 |
---------------+-------------------+-----
Axes           | 2 3 4 5 6 |  6.1
Fighting       | 4 |  4.4
Armour         | |  3.2
Shields        | |  3.2

Action                     |  1- 3 |  4- 6 || total
---------------------------+-------+-------++-------
  Melee: War axe           |    97 |   154 ||   251
  Throw: Boomerang         |       |     7 ||     7
    Use: Potion            |     1 |     3 ||     4
         Scroll            |       |    12 ||    12
 Armour: Scale mail        |    29 |    50 ||    79
         Chain mail        |       |    33 ||    33
         Plate armour      |       |     6 ||     6
  Dodge: Dodged            |    39 |    76 ||   115
  Block: Buckler           |    17 |    27 ||    44

Table legend:
 A = Non-vault XP
 B = Vault XP
 C = Vault XP percentage of total XP
 D = Non-vault monster count
 E = Vault monster count
 F = Vault count percentage of total count
                 A         B        C        D         E       F
            +---------+---------+-------+---------+---------+-------
      Total |     602 |       5 |   0.8 |      75 |       3 |   3.8
            +---------+---------+-------+---------+---------+-------
        D:1 |      60 |       5 |   7.7 |      27 |       3 |  10.0
        D:2 |      34 |       0 |   0.0 |      12 |       0 |   0.0
        D:3 |     104 |       0 |   0.0 |      19 |       0 |   0.0
        D:4 |     353 |       0 |   0.0 |      16 |       0 |   0.0
        D:5 |      51 |       0 |   0.0 |       1 |       0 |   0.0
            +---------+---------+-------+---------+---------+-------
